 Dungeon Crawl Stone Soup version 0.32-a0-699-g1ee5eff69a (webtiles) character file.

Game seed: 3372513365622316401

1 arcshroob the Ruffian (level 1, -2/15 HPs)
             Began as a Demonspawn Shapeshifter on Mar 13, 2024.
             Slain by a jackal (3 damage)
             ... on level 1 of the Dungeon.
             The game lasted 00:00:15 (49 turns).

arcshroob the Ruffian (Demonspawn Shapeshifter)       Turns: 49, Time: 00:00:15

Health: -2/15      AC:  2    Str: 14    XL:     1   Next: 16%
Magic:  1/1        EV: 11    Int: 10    God:
Gold:   0          SH:  0    Dex: 12    Spells: 0/0 levels left

rFire   . .          .
                       - Unarmed
rCold   . . .        (no shield)
rNeg    . . .        a - +0 animal skin
rPois   .            (helmet currently unavailable)
rElec   .            (cloak currently unavailable)
rCorr   .            (gloves currently unavailable)
SInv    .            (boots currently unavailable)
Will    .....        (no amulet)
Stlth   +            (no ring)
HPRegen 0.22/turn    (no ring)
MPRegen 0.07/turn

%: no passive effects
@: beast-form
A: beast (slay +1)
a: Begin Untransformation


You were on level 1 of the Dungeon.
You were a hulking beast.
You visited 1 branch of the dungeon, and saw 1 of its levels.

Inventory:

Armour
 a - a +0 animal skin (worn)
Talismans
 c - a beast talisman (active)
 d - a flux talisman
Potions
 b - a potion of lignification


   Skills:
 - Level 1.0 Fighting
 + Level 1.9 Dodging
 - Level 2.6 Unarmed Combat
 - Level 2.6 Shapeshifting


You couldn't memorise any spells.
You didn't know any spells.
Your spell library was empty.

Dungeon Overview and Level Annotations

Branches:
Dungeon (1/15)

Altars:


Message History

The jackal bites you. The jackal misses you. The jackal misses you.
You barely miss the jackal. The jackal bites you.
You hit the jackal.
The jackal is severely wounded.
The jackal bites you but does no damage.
The jackal closely misses you.
You hit the jackal.
You kill the jackal!
The jackal misses you.
You hit the jackal but do no damage. The jackal closely misses you.
You hit the jackal.
The jackal is moderately wounded.
The jackal barely misses you.
You miss the jackal.
The jackal is moderately wounded.
The jackal bites you. The jackal barely misses you.
You hit the jackal. Your punch misses the jackal.
The jackal is heavily wounded.
The jackal barely misses you.
You hit the jackal.
The jackal is severely wounded.
The jackal bites you but does no damage.
The jackal barely misses you.
You barely miss the jackal.
The jackal is severely wounded.
The jackal barely misses you.
You closely miss the jackal.
The jackal is severely wounded.
The jackal bites you but does no damage.
You hit the jackal but do no damage.
The jackal is severely wounded.
The jackal bites you.
* * * LOW HITPOINT WARNING * * *
You hit the jackal.
The jackal is almost dead.
The jackal bites you.
* * * LOW HITPOINT WARNING * * *
The jackal bites you.
You die...

##### #######...##
#..hhhh....#
#.####.##..#
#.#<.#.##..#
#.#..#.##..#
#.##.#.##..#
#....#.##..####...
######.##.......#
........######
####........#


You could see 3 jackals.

Vanquished Creatures
  A jackal (D:1)
1 creature vanquished.

Notes
Turn   | Place    | Note
-------+----------+-------------------------------------------
     0 | D:1      | arcshroob the Demonspawn Shapeshifter began the quest for
                  | the Orb.
     0 | D:1      | Reached XP level 1. HP: 15/15 MP: 1/1
    49 | D:1      | Slain by a jackal

Illustrated notes

Levels and vault maps discovered:
D:1:      zelgadis_glass_arrival_small, layout_rooms, serial_shops,
          nicolae_shop_tiny_waterfront, nicolae_shop_industrial_runoff, shop,
          shop, nicolae_lakefront_shop, st_stairs_6, minivault_25

Action                     || total
---------------------------++-------
  Melee: Unarmed           ||    14
 Armour: Animal skin       ||    15
  Dodge: Dodged            ||    19

Table legend: (Time is in decaauts)
 A = Elapsed time spent in this place.
 B = Non-inter-level travel time spent in this place.
 C = Inter-level travel time spent in this place.
 D = Time resting spent in this place.
 E = Time spent auto-exploring this place.
 F = Levels seen in this place.
 G = Mean time per level.
                   A        B        C        D        E       F      G
               +--------+--------+--------+--------+--------+-----+--------+
         Total |     48 |     48 |      0 |      0 |     20 |   1 |   48.0 |
       Dungeon |     48 |     48 |      0 |      0 |     20 |   1 |   48.0 |
               +--------+--------+--------+--------+--------+-----+--------+

Top non-repeatable levels by time:
     D:1: 48 daAuts
